Unix NetHack Version 5.0.0-0 post-release - last build May  4 2026 22:22:43 (774f63e81ad911689b3a0859ea89b322d5daca8d,branch:main).

Game began 2026-05-07 09:11:22, ended 2026-05-07 09:30:37.

24620901111, neutral male human Archeologist

                                                                   ---------
                                                                   |.....<.|
                                                                   |.......|
                                                                   |.......|
                                                                   -.-------
                                                                    #
                                                                    ###
                                                                      #
                                                                      ###
                                                      -----             #
                                                      |.... #           #####
                                                      |...q|#####           #
                                                      |...q@#####  ---------.-
                                                      |....|    #  |.........|
                                                      |....     ###|.........|
                                                      ..$.        #..(.......|
                                                      ----         -----------

24620901111 the Field Worker  St:13 Dx:8 Co:16 In:15 Wi:17 Ch:9  Neutral
Dlvl:5  $:47 HP:0(28) Pw:11(11) AC:9  Xp:3 T:1645 

Latest messages:
 You destroy the manes!
 You find a hidden door.
 The door resists!
 The door opens.
 KABOOM!!  The door was booby-trapped!
 You stagger...
 You feel a bit steadier now.
 There's some graffiti on the floor here.
 You read: "They say that ?a??ng roval j?l|y at?ract? grizzly ow|bc?r?."
 You descend the stairs.
 You find a hidden passage.
 You see here a chest.
 You see here a chest.
 The door opens.
 You miss the floating eye.
 You are frozen by the floating eye's gaze!
 You can move again.
 You lash the floating eye.
 You miss the floating eye.
 You are frozen by the floating eye's gaze!
 You can move again.
 You lash the floating eye.
 You are frozen by the floating eye's gaze!
 You can move again.
 You lash the floating eye.
 You feel strong!
 You must have been exercising diligently.
 You lash the floating eye.
 You kill the floating eye!
 There is an open door here.
 You see here a floating eye corpse.
 You miss the rothe.
 The rothe hits!
 The rothe bites!
 The rothe bites again!
 The rothe hits!
 The rothe bites!
 The rothe bites again!
 You lash the rothe.
 The rothe hits!
 The rothe bites!
 The rothe bites again!
 The rothe hits!
 The rothe bites!
 You die...
 Do you want your possessions identified? [ynq] (y) y
 Do you want to see your attributes? [ynq] (y) y
 Do you want an account of creatures vanquished? [ynaq] (y) y
 Do you want to see your conduct and achievements? [ynq] (y) y
 Do you want to see the dungeon overview? [ynq] (y) y

Inventory:
 Coins    ('$')
  $ - 47 gold pieces
 Weapons  (')')
  a - a +2 bullwhip (weapon in right hand)
 Armor    ('[')
  c - an uncursed +0 fedora (being worn)
  b - an uncursed +0 leather jacket (being worn)
 Comestibles  ('%')
  d - 3 uncursed food rations
  i - 2 uncursed pancakes
 Tools    ('(')
  h - an empty uncursed sack
  e - a +0 pick-axe (alternate weapon; not wielded)
  f - a tinning kit (0:75)
 Gems/Stones  ('*')
  g - an uncursed touchstone

24620901111 the Archeologist's attributes:

Background:
 You were a Field Worker, a level 3 male human Archeologist.
 You were neutral, nominally on a mission for Camaxtli
 who was opposed by Quetzalcoatl (lawful) and Huhetotl (chaotic).
 You were right-handed.
 You were in the Dungeons of Doom, on level 5.
 You entered the dungeon 1645 turns ago.
 You had 64 experience points, 16 more were needed to attain level 4.

Basics:
 You had 0 out of 28 hit points.
 You had all 11 energy points (spell power).
 Your armor class was 9.
 Your wallet contained 47 zorkmids.
 Autopickup was off.

Final Characteristics:
 Your strength was 13 (limit:18/100).
 Your dexterity was 8 (limit:18).
 Your constitution was 16 (limit:18).
 Your intelligence was 15 (limit:18).
 Your wisdom was 17 (limit:18).
 Your charisma was 9 (limit:18).

Final Status:
 You weren't hungry.
 You were unencumbered.
 You were wielding a whip.
 You had basic skill with whip.

Final Attributes:
 You were devoutly aligned.
 You had automatic searching.
 You were lucky.
 You are dead.

Miscellaneous:
 You didn't encounter any bones levels.
 Total elapsed playing time was 19 minutes and 14 seconds.

Major events:
 Turn
    1: 24620901111 the neutral male human Archeologist entered the dungeon
  674: attained the rank of Field Worker (level 3)
 1645: killed by a rothe

You didn't know any spells.

Skills:
 Fighting Skills
   bare handed combat [Unskilled]
   two weapon combat  [Unskilled]
   riding             [Unskilled]
 Weapon Skills
   dagger             [Unskilled]
   knife              [Unskilled]
   pick-axe           [Basic]
   short sword        [Unskilled]
   saber              [Unskilled]
   club               [Unskilled]
   quarterstaff       [Unskilled]
   sling              [Unskilled]
   dart               [Unskilled]
   boomerang          [Unskilled]
   whip               [Basic]
   unicorn horn       [Unskilled]
 Spellcasting Skills
   attack spells      [Unskilled]
   healing spells     [Unskilled]
   divination spells  [Unskilled]
   matter spells      [Unskilled]

Voluntary challenges:
 Character rerolling was not enabled.
 You were an atheist.
 You were illiterate.
 You never genocided any monsters.
 You never polymorphed an object.
 You never changed form.
 You used no wishes.
Achievements:
 You entered a shop.
 You attained the rank of Field Worker.

 The Dungeons of Doom: levels 1 to 5
    Level 1:
    Level 2:
       A general store.
    Level 3:
       A scroll shop.
    Level 4:
       A fountain.
    Level 5: <- You were here.
       Final resting place for
          you, killed by a rothe.


Vanquished creatures:
  a floating eye
  2 manes
  a large kobold
  a giant rat
  a yellow mold
  3 geckos
  4 jackals
  2 foxes
  a kobold
  a goblin
  2 sewer rats
  a grid bug
  3 lichens
  2 newts
25 creatures vanquished.

No species were genocided or became extinct.

Game over:
                       ----------
                      /          \
                     /    REST    \
                    /      IN      \
                   /     PEACE      \
                  /                  \
                  |   24620901111    |
                  |      47 Au       |
                  |   killed by a    |
                  |      rothe       |
                  |                  |
                  |                  |
                  |       2026       |
                 *|     *  *  *      | *
        _________)/\\_//(\/(/\)/\//\/|_)_______

Goodbye 24620901111 the Archeologist...

You died in The Dungeons of Doom on dungeon level 5 with 499 points,
and 47 pieces of gold, after 1645 moves.
You were level 3 with a maximum of 28 hit points when you died.

